 Dungeon Crawl Stone Soup version 0.31-a0-486-g8d68a81214 (webtiles) character file.

Game seed: 8021822633957328725

329 AstroCodex24 the Chopper (level 6, -1/45 (47) HPs)
             Began as a Vampire Fighter on Aug 7, 2023.
             Slain by a wight
             ... wielding a +1 scimitar
              (2 damage)
             ... on level 4 of the Dungeon.
             The game lasted 00:16:25 (3517 turns).

AstroCodex24 the Chopper (Vampire Fighter)          Turns: 3517, Time: 00:16:30

HP:   -1/45 (47)    AC:  8    Str: 17    XL:     6   Next: 25%
MP:   6/6           EV:  8    Int: 10    God:
Gold: 112           SH: 11    Dex: 14    Spells: 5/5 levels left

rFire   . . .        a - +0 war axe
rCold   . . .        i - +2 kite shield
rNeg    . . .        b - +0 scale mail
rPois   .            (no helmet)
rElec   .            o - +0 cloak
rCorr   .            (no gloves)
SInv    +            (no boots)
Will    +....        f - amulet of regeneration Stlth
                     q - ring of willpower
HPRegen 1.27/turn    (no ring)
MPRegen 0.10/turn

%: no passive effects
@: healing quickly, lightly drained
A: alive, fangs 3, see invisible, vampiric 2
a: Exsanguinate


You were on level 4 of the Dungeon.
You visited 1 branch of the dungeon, and saw 5 of its levels.

You collected 112 gold pieces.

Inventory:

Hand Weapons
 a - a +0 war axe (weapon)
 j - a +2 falchion of freezing
Armour
 b - a +0 scale mail (worn)
 i - a +2 kite shield (worn)
 o - a +0 cloak (worn)
 p - the +0 leather armour of Responsibility {*Slow SInv Stlth+}
   (You found it on level 4 of the Dungeon)

   SInv:      It lets you see invisible.
   *Slow:     It may slow you when you take damage.
   Stlth:     It makes you more stealthy.
Jewellery
 f - an amulet of regeneration (around neck)
 q - a ring of willpower (left hand)
Wands
 n - a wand of flame (23)
Scrolls
 c - a scroll of immolation {unknown}
 h - 2 scrolls of identify {unknown}
 l - 2 scrolls of enchant armour {unknown}
 r - 3 scrolls of revelation {unknown}
 v - a scroll of noise {unknown}
 w - a scroll of enchant weapon {unknown}
Potions
 d - 2 potions of might
 e - a potion of lignification {unknown}
 g - 3 potions of curing {unknown}
 k - 2 potions of ambrosia {unknown}
 m - a potion of brilliance {unknown}
 s - 3 potions of mutation {unknown}
 t - a potion of cancellation {unknown}
 u - a potion of resistance {unknown}


   Skills:
 + Level 3.3 Fighting
 + Level 3.7 Axes
 + Level 3.4 Armour
 + Level 1.2 Dodging
 + Level 1.5 Stealth
 + Level 3.7 Shields
 + Level 0.7 Evocations


You had 5 spell levels left.
You didn't know any spells.
Your spell library contained the following spells:

 Spells                   Type           Power      Damage    Failure   Level
 Foxfire                  Conj/Fire      0%         2x1d4     98%         1
 Momentum Strike          Conj/Tloc      0%         3d8       99%         2
 Hailstorm                Conj/Ice       0%         3d3       100%        3
 Portal Projectile        Hex/Tloc       0%         N/A       100%        3
 Tukima's Dance           Hex            0%         N/A       100%        3
 Iskenderun's Mystic Bla  Conj/Tloc      0%         2d3       100%        4


Dungeon Overview and Level Annotations

Branches:
Dungeon (5/15)
 Temple: D:4-7

Altars:

Annotations:
D:4 2 transporters, dxb338's ghost, weakling FeSh


Innate Abilities, Weirdness & Mutations

Your natural rate of healing is accelerated.
You have razor-sharp teeth.
You have supernaturally acute eyesight. (SInv)
You are afflicted with vampirism and can become a bat while bloodless.


Message History

You kill the adder!
Found a fizzy ruby potion.
A hobgoblin comes into view.
The hobgoblin shouts!
You see here Empepotz's Dissertation on Bolts.
The hobgoblin hits you but does no damage.
You closely miss the hobgoblin. You bite the hobgoblin.
The hobgoblin is moderately wounded.
The hobgoblin barely misses you.
You barely miss the hobgoblin. You bite the hobgoblin.
You kill the hobgoblin!
You see here a hobgoblin corpse.
You see here a hobgoblin corpse.
You pick up Empepotz's Dissertation on Bolts and begin reading...
You add the spells Foxfire, Momentum Strike and Hailstorm to your library.
Found a scroll labelled FUADUZ BU VONK.
Found an escape hatch in the ceiling.
h - 2 scrolls labelled QIATITRYAR (gained 1)
u - a fizzy ruby potion
v - a scroll labelled BUP WU BOIGOI
w - a scroll labelled FUADUZ BU VONK A wight comes into view.
It is wielding a +1 scimitar.
The wight moves out of view.
A wight comes into view. It is wielding a +3 war axe.
The wight moves out of view.
The wight hits you with a +1 scimitar!
You hit the wight but do no damage. You bite the wight.
The wight is lightly damaged.
The wight hits you with a +1 scimitar!
You closely miss the wight.
The wight is lightly damaged.
You hit the wight. The wight hits you with a +1 scimitar!
You block the wight's attack.
You barely miss the wight.
The wight is lightly damaged.
You hit the wight but do no damage. The wight hits you with a +1 scimitar!
* * * LOW HITPOINT WARNING * * *
You block the wight's attack. x2; The wight hits you with a +1 scimitar!
* * * LOW HITPOINT WARNING * * *
You feel drained.
You die...

# ..### ###########
...... #.........#
......# #.........#
......z####......<..#
#z@............#
######.........#
..#.........#
####.#.........#
#.##.#.........#
...............####
####.##(..............
#....#................
#.##.#.#..............


You could see 2 wights.

Vanquished Creatures
  3 hounds
  An iguana (D:5)
  2 orc wizards (D:3)
  A gnoll (D:1)
  7 adders
  6 orcs
  6 bats
  8 endoplasms
  3 giant cockroaches
  4 goblins
  8 hobgoblins
  8 jackals (D:1)
  8 kobolds
  2 quokkas (D:3)
  7 ball pythons
  2 frilled lizards
  7 rats
83 creatures vanquished.

Notes
Turn   | Place    | Note
-------+----------+-------------------------------------------
     0 | D:1      | AstroCodex24 the Vampire Fighter began the quest for the
                  | Orb.
     0 | D:1      | Reached XP level 1. HP: 17/17 MP: 1/1
    84 | D:1      | Reached XP level 2. HP: 23/23 MP: 2/2
   281 | D:2      | Identified the +0 robe of Unkime {Will+ Regen+ Dex-3}
   349 | D:2      | Gained mutation: You are afflicted with vampirism and can
                  | become a bat while bloodless. [Vampire growth]
   349 | D:2      | Reached XP level 3. HP: 26/29 MP: 3/3
   462 | D:3      | Reached XP level 4. HP: 17/35 MP: 4/4
   804 | D:4      | Noticed dxb338's ghost (weakling FeSh)
   804 | D:4      | Found a transporter.
   806 | D:4      | Found a transporter.
   806 | D:4      | Noticed an ogre
   815 | D:4      | Identified the +0 leather armour of Responsibility {*Slow
                  | SInv Stlth+}
   884 | D:5      | Entered Level 5 of the Dungeon
   890 | D:5      | Reached skill level 1 in Stealth
   914 | D:5      | Reached XP level 5. HP: 31/41 MP: 5/5
  2099 | D:2      | Found a faded altar of an unknown god.
  2879 | D:3      | Reached skill level 1 in Dodging
  2883 | D:3      | Reached XP level 6. HP: 47/47 MP: 6/6
  3445 | D:4      | Got Empepotz's Dissertation on Bolts
  3517 | D:4      | HP: 1/47 [wight/+1 scimitar (8)]
  3517 | D:4      | Slain by a wight

Illustrated notes

Levels and vault maps discovered:
D:1:      amcnicky_arrival_abandoned_market, layout_basic
D:2:      layout_loops_ring, shapermc_ecumenical_altar_gd
D:3:      layout_basic, serial_glass, glass_columns_c, glass_columns_b,
          glass_columns_a, item_on_display_a, feat_on_display, feat_on_display,
          item_on_display_b
D:4:      layout_basic, mainiacjoe_overflow_large_starburst,
          gammafunk_ghost_smash, chequers_serial_rivers_micro_b,
          uniq_crazy_yiuf_cottage
D:5:      layout_cave_pods, nicolae_elyvilon_temple_path,
          minmay_temple_entry_grid

Skill      XL: |  1  2  3  4  5 |
---------------+----------------+-----
Axes           | 2 3 |  3.7
Shields        | 3 |  3.7
Fighting       | 3 |  3.3
Stealth        | 1 |  1.5
Armour         | 3 |  3.4
Dodging        | 1 |  1.2
Evocations     | |  0.7

Action                     |  1- 3 |  4- 6 || total
---------------------------+-------+-------++-------
  Melee: War axe           |    70 |   255 ||   325
         Bite              |    13 |    40 ||    53
  Evoke: Wand              |       |     6 ||     6
    Use: Potion            |       |     2 ||     2
 Armour: Scale mail        |    41 |    81 ||   122
  Dodge: Dodged            |    29 |    70 ||    99
  Block: Buckler           |    12 |       ||    12
         Kite shield       |    40 |   134 ||   174

Table legend: (Time is in decaauts)
 A = Elapsed time spent in this place.
 B = Non-inter-level travel time spent in this place.
 C = Inter-level travel time spent in this place.
 D = Time resting spent in this place.
 E = Time spent auto-exploring this place.
 F = Levels seen in this place.
 G = Mean time per level.
                   A        B        C        D        E       F      G
               +--------+--------+--------+--------+--------+-----+--------+
         Total |   3678 |   3104 |    574 |      0 |     27 |   5 |  735.6 |
       Dungeon |   3678 |   3104 |    574 |      0 |     27 |   5 |  735.6 |
               +--------+--------+--------+--------+--------+-----+--------+

Top non-repeatable levels by time:
     D:2: 1178 daAuts
     D:1: 1006 daAuts
     D:3: 989 daAuts
     D:4: 451 daAuts
     D:5: 52 daAuts
